 Dungeon Crawl Stone Soup version 0.30-a0-760-g5a9884bb7c (webtiles) character file.

Game seed: 15745343046209077758

44 Leeroy the Slasher (level 3, -1/18 HPs)
             Began as a Vine Stalker Warper on Feb 11, 2023.
             Slain by a gnoll
             ... wielding a +0 spear
              (2 damage)
             ... on level 2 of the Dungeon.
             The game lasted 00:01:07 (1004 turns).

Leeroy the Slasher (Vine Stalker Warper)            Turns: 1004, Time: 00:01:07

Health: -1/18      AC:  4    Str: 13    XL:     3   Next: 60%
Magic:  0/16       EV: 11    Int: 13    God:
Gold:   131        SH:  0    Dex: 15    Spells: 1/6 levels left

rFire   . . .      SeeInvis .    a - +0 falchion
rCold   . . .      Faith    .    (no shield)
rNeg    . . .      Spirit   +    b - +0 leather armour
rPois   .          Reflect  .    (no helmet)
rElec   .          Harm     .    (no cloak)
rCorr   .          Rampage  .    g - +0 pair of gloves
Will    .....                    (no boots)
Stlth   +                        (no amulet)
HPRegen 0.23/turn                o - ring of wizardry
MPRegen 0.15/turn                l - ring of magical power

@: no status effects
A: fangs 2, magic shield, antimagic bite, no potion heal 2
a: no special abilities


You were on level 2 of the Dungeon.
You visited 1 branch of the dungeon, and saw 2 of its levels.

You collected 131 gold pieces.

Inventory:

Hand Weapons
 a - a +0 falchion (weapon)
Missiles
 d - 7 boomerangs of dispersal (quivered)
Armour
 b - a +0 leather armour (worn)
 g - a +0 pair of gloves (worn)
Jewellery
 f - a ring of protection from cold
 l - a ring of magical power (right hand)
 n - a +6 ring of strength
 o - a ring of wizardry (left hand)
Scrolls
 c - a scroll of blinking
 h - a scroll of identify {unknown}
 i - a scroll of enchant armour {unknown}
 j - a scroll of immolation {unknown}
 m - a scroll of fog {unknown}
Potions
 e - a potion of heal wounds {unknown}
 k - a potion of brilliance {unknown}
 p - a potion of curing {unknown}


   Skills:
 - Level 1.7 Fighting
 + Level 3.5 Long Blades
 - Level 0.8 Throwing
 - Level 0.7 Armour
 - Level 1.5 Dodging
 - Level 2.1 Spellcasting
 - Level 3.0 Translocations


You had one spell level left.
You knew the following spells:

 Your Spells              Type           Power      Damage    Failure   Level
a - Blink                 Tloc           18%        N/A       6%          2
b - Vhi's Electric Charg  Tloc/Air       10%        N/A       21%         3

Your spell library contained the following spells:

 Spells                   Type           Power      Damage    Failure   Level
 Lesser Beckoning         Tloc           18%        N/A       6%          2
 Teleport Other           Tloc           9%         N/A       12%         3
 Cigotuvi's Dreadful Rot  Necr/Pois/Air  2%         N/A       19%         2
 Poisonous Vapours        Pois/Air       2%         N/A       19%         2
 Mephitic Cloud           Conj/Pois/Air  1%         N/A       34%         3
 Summon Guardian Golem    Hex/Summ       1%         N/A       34%         3
 Manifold Assault         Tloc           9%         N/A       34%         4
 Anguish                  Hex/Necr       0%         N/A       75%         4
 Enfeeble                 Hex            0%         N/A       100%        7
 Orb of Destruction       Conj           0%         9d5       100%        7
 Spellforged Servitor     Conj/Summ      0%         N/A       100%        7


Dungeon Overview and Level Annotations

Branches:
Dungeon (2/15)

Altars:


Innate Abilities, Weirdness & Mutations

You have extremely sharp teeth.
When hurt, damage is shared between your health and your magic reserves.
Your bite disrupts and absorbs the magic of your enemies.
Potions cannot restore your health.


Message History

No target in view!
No target in view!
Things that are here:
a +0 club; a goblin corpse You open the door.
A goblin and 2 gnolls come into view.
The goblin shouts!
The gnoll shouts!
A gnoll comes into view. It is wielding a +0 club.
Found a stone staircase leading down.
There are monsters nearby!
The gnoll shouts! x2
There is an open door here.
Found a stone staircase leading up.
The goblin closely misses you.
You slash the goblin!
You kill the goblin!
The gnoll closely misses you.
You slash the gnoll! You bite the gnoll. You drain its power.
The gnoll is almost dead.
The gnoll barely misses you. The gnoll hits you with a +0 flail.
The gnoll closely misses you. The gnoll hits you with a +0 club.
The gnoll misses you.
There is an open door here.
The gnoll attacks as you move away! The gnoll barely misses you.
The gnoll throws a throwing net.
The throwing net hits you.
You become entangled in the net!
You see here a throwing net.
You struggle against the net.
You struggle against the net.
The gnoll hits you with a +0 club. The gnoll barely misses you.
You struggle against the net.
The gnoll hits you with a +0 club!
The gnoll hits you from afar with a +0 spear.
You rip the net and break free!
The gnoll hits you with a +0 club.
* * * LOW HITPOINT WARNING * * *
The gnoll closely misses you.
You slash the gnoll!
The gnoll is heavily wounded.
The gnoll hits you with a +0 club.
* * * LOW HITPOINT WARNING * * *
The gnoll hits you from afar with a +0 spear.
You die...

#... . #### #.# ##+#
####.### ## ##...# #......#
#. #.....# #.##.#.# #.
<.....)## ##.##.#.#######.
........####.........##....
.......ggg@.........)......
........####.......#.##.##.
.......## ##..#.###.##.###
#.>...# ##.#.# #.##.# #
.#...# #.#.# #(##.# # ##+#
#.#.# #.##.# # #.#.# #.##..
. #.... ..#### # ###.# ###
#


You could see 3 gnolls.

Vanquished Creatures
  A worm (D:2)
  A dart slug (D:2)
  An orc (D:2)
  3 ball pythons
  3 endoplasms (D:2)
  A giant cockroach (D:2)
  9 goblins
  3 hobgoblins
  3 kobolds
  4 bats (D:2)
  2 frilled lizards (D:2)
  3 rats
34 creatures vanquished.

Notes
Turn   | Place    | Note
-------+----------+-------------------------------------------
     0 | D:1      | Leeroy the Vine Stalker Warper began the quest for the Orb.
     0 | D:1      | Reached XP level 1. HP: 11/11 MP: 4/4
   203 | D:1      | Reached XP level 2. HP: 15/15 MP: 4/6
   310 | D:1      | Found a faded altar of an unknown god.
   577 | D:2      | Reached XP level 3. HP: 17/18 MP: 7/7
   588 | D:2      | Learned a level 2 spell: Blink
   592 | D:2      | Learned a level 3 spell: Vhi's Electric Charge
  1004 | D:2      | Slain by a gnoll

Illustrated notes

Levels and vault maps discovered:
D:1:      heliophobic_arrival_ceremonial_halls, layout_rooms,
          basic_ecumenical_altar, minmay_surrounded
D:2:      layout_loops_corners, nrook_uturn

Skill      XL: |  1  2 |
---------------+-------+-----
Long Blades    | 2 3 |  3.5
Fighting       | |  1.7
Throwing       | |  0.8
Armour         | |  0.7
Dodging        | |  1.5
Spellcasting   | |  2.1
Translocations | |  3.0

Action                     || total
---------------------------++-------
  Melee: Falchion          ||    73
         Bite              ||    13
         Punch             ||     2
 Armour: Leather armour    ||    20
  Dodge: Dodged            ||    48

Table legend: (Time is in decaauts)
 A = Elapsed time spent in this place.
 B = Non-inter-level travel time spent in this place.
 C = Inter-level travel time spent in this place.
 D = Time resting spent in this place.
 E = Time spent auto-exploring this place.
 F = Levels seen in this place.
 G = Mean time per level.
                   A        B        C        D        E       F      G
               +--------+--------+--------+--------+--------+-----+--------+
         Total |   1014 |    978 |     36 |      0 |    762 |   2 |  507.0 |
       Dungeon |   1014 |    978 |     36 |      0 |    762 |   2 |  507.0 |
               +--------+--------+--------+--------+--------+-----+--------+

Top non-repeatable levels by time:
     D:2: 579 daAuts
     D:1: 434 daAuts
